 Dungeon Sprint DCSS version 0.18.1-50-g88ac8fd (webtiles) character file.

1183 loralnil the Grappler (level 8, -2/138 HPs)
             Began as a Troll Berserker on Sept 18, 2016.
             Was a High Priest of Trog.
             Slain by a wasp (3 damage)
             ... in the Dungeon (Sprint II: "The Violet Keep of Menkaure").
             The game lasted 00:03:17 (484 turns).

loralnil the Grappler (Troll Berserker)              Turns: 484, Time: 00:03:18

Health: -2/138     AC:  5    Str: 33    XL:     8   Next: 19%
Magic:  7/7        EV: 13    Int:  3    God:    Trog [*****.]
Gold:   342        SH:  0    Dex:  9    Spells: 0 memorised, 7 levels left

rFire  . . .     SeeInvis .       - Unarmed
rCold  . . .     Gourm    +     a - +0 animal skin
rNeg   . . .     Faith    .     (no shield)
rPois  .         Spirit   .     (helmet restricted)
rElec  .         Dismiss  .     (no cloak)
rCorr  .         Reflect  .     (gloves unavailable)
SustAt .         Harm     .     (boots unavailable)
MR     .....     NoTele   +     (no amulet)
Stlth  ..........               (no ring)
                                (no ring)

@: berserking, lethally poisoned (-2 -> -2), slowed, not resistant to hostile
enchantments, extremely unstealthy
A: unfitting armour, claws 3, fast metabolism 3, gourmand, regeneration 2,
shaggy fur 1, tough skin 2
a: Berserk, Trog's Hand, Brothers in Arms, Burn Spellbooks, Renounce Religion


You were in the Dungeon.
You worshipped Trog.
Trog was extremely pleased with you.
You were very full.

You visited 1 branch You collected 972 gold pieces.
You spent 630 gold pieces at shops.

Inventory:

Armour
 a - a +0 animal skin (worn)
Jewellery
 j - a +3 amulet of reflection
 k - an uncursed ring of poison resistance
Wands
 i - a wand of acid (10/15)
Scrolls
 h - a scroll of blinking
Potions
 c - a potion of curing
 d - a potion of heal wounds
 e - a potion of haste
 f - 2 potions of magic
 g - a potion of berserk rage
Comestibles
 b - 2 bread rations
 l - 2 chunks of flesh


   Skills:
 + Level 9.2 Fighting
 + Level 9.3 Dodging
 + Level 10.7 Unarmed Combat


You had 7 spell levels left.
You didn't know any spells.

Dungeon Overview and Level Annotations

Branches:
Dungeon (1/1)

Altars:
Cheibriados
Dithmenos
Elyvilon
Fedhas
Gozag
Kikubaaqudgha
Makhleb
Nemelex Xobeh
Okawaru
Pakellas
Qazlal
Ru
Sif Muna
Trog
Vehumet
Xom
Yredelemnul
Zin
The Shining One
Beogh
Jiyva
Lugonu

Shops:
D }:=}?:[}[!((==%!

Annotations:
D exclusions: obsidian statue and oklob plant


Innate Abilities, Weirdness & Mutations

You are too large for most types of armour.
You have claws for hands.
Your metabolism is lightning-fast.
You like to eat raw meat.
You heal very quickly.
You are covered in fur (AC +1).
You have very tough skin (AC +2).


Message History

The wasp misses you. The yaktaur closely misses you.
You scratch the yaktaur.
The yaktaur is moderately wounded.
The wasp stings you.
* * * LOW HITPOINT WARNING * * *
The yaktaur barely misses you. The wasp stings you.
* * * LOW HITPOINT WARNING * * *
You mangle the yaktaur!!
The yaktaur is almost dead.
The wasp stings you!
* * * LOW HITPOINT WARNING * * *
You are poisoned.
You feel as though you will be slow longer.
The yaktaur hits you!
* * * LOW HITPOINT WARNING * * *
You completely miss the yaktaur.
The yaktaur is almost dead.
* * * LOW HITPOINT WARNING * * *
You feel sick. The wasp stings you.
You die... .#.##.#### +.### ##..#....# ...# ## #..####..## #..# .# [%$ #'###.##..# +..# .# )!$ #.##...#..# #..# .# $$)?

.<.')#.+..####..##.#▓($!!
#(##...#....###...##▓▓▓▓▓
#'###.##......≈≈cy≈≈≈≈≈≈≈
.#.####≈§...§§§#@########
.#..#≈≈≈§≈≈≈§§≈#_)_._...#
#.###≈§≈≈≈§≈≈§≈#._._._..#
#'##≈≈≈§§§≈≈≈≈≈#_._._._.#
≈≈≈≈≈≈≈≈≈§≈≈≈≈≈#._._._._#
+#+++#≈≈≈≈§≈≈§≈#.._._._.#
§≈§≈ ##§≈≈###≈§#..._._._#
≈§§≈§≈##§≈# #≈≈#...._._.#
§8≈§≈§§+≈≈# #§§#........#


You could see a yaktaur and a wasp.

Vanquished Creatures
  A siren (D)
  2 polar bears (D)
  2 hippogriffs (D)
  2 crocodiles (D)
  A hell rat (D)
  4 worker ants (D)
  3 worms (D)
15 creatures vanquished.

Vanquished Creatures (others)
  Menkaure (D)
1 creature vanquished.

Grand Total: 16 creatures vanquished

Notes
Turn   | Place    | Note
--------------------------------------------------------------
     0 | D        | loralnil the Troll Berserker began the quest for the Orb.
     0 | D        | Reached XP level 1. HP: 22/22 MP: 0/0
     9 | D        | Reached ** piety under Trog
    43 | D        | Killed Menkaure
    64 | D        | Noticed an obsidian statue
    72 | D        | Reached XP level 2. HP: 31/31 MP: 1/1
    91 | D        | Noticed a siren
    96 | D        | Killed a siren
    96 | D        | Reached skill level 8 in Unarmed Combat
    96 | D        | Reached XP level 3. HP: 45/45 MP: 2/2
    96 | D        | Reached XP level 4. HP: 53/53 MP: 3/3
    96 | D        | Reached XP level 5. HP: 61/61 MP: 4/4
    96 | D        | Reached XP level 6. HP: 68/68 MP: 5/5
   151 | D        | Noticed a hippogriff
   151 | D        | Noticed a hippogriff
   158 | D        | Killed a hippogriff
   158 | D        | Reached *** piety under Trog
   163 | D        | Killed a hippogriff
   163 | D        | Reached skill level 9 in Unarmed Combat
   163 | D        | Reached XP level 7. HP: 76/79 MP: 6/6
   223 | D        | Found Geufeubu's Distillery.
   223 | D        | Found Zyotut's Antique Weapon Shop.
   223 | D        | Found Qoyf's Distillery.
   223 | D        | Found Soiggump's Jewellery Boutique.
   223 | D        | Found Cupu's Food Boutique.
   223 | D        | Found Qierhoiph's Antique Armour Shop.
   223 | D        | Found Uhaogier's Weapon Shop.
   223 | D        | Found Laicibats's Gadget Boutique.
   235 | D        | Received a gift from Trog
   237 | D        | Reached **** piety under Trog
   275 | D        | Noticed an ice statue
   281 | D        | Found Ygafutz's Jewellery Shop.
   346 | D        | Found Leill's Antique Armour Boutique.
   346 | D        | Found Cicor's Book Boutique.
   347 | D        | Noticed a shining eye
   349 | D        | Found Xiuclosh's Magic Scroll Shop.
   350 | D        | Found Vanud's Gadget Boutique.
   350 | D        | Found Tinet's Jewellery Shop.
   350 | D        | Noticed a shining eye
   350 | D        | Noticed a shining eye
   350 | D        | Noticed an oklob plant
   351 | D        | Found Gismiyse's Book Shoppe.
   351 | D        | Found Maneuli's Gadget Boutique.
   352 | D        | Noticed a griffon
   352 | D        | Noticed a griffon
   353 | D        | Noticed a griffon
   358 | D        | Reached skill level 10 in Unarmed Combat
   378 | D        | Bought a +3 amulet of reflection for 350 gold pieces
   378 | D        | Bought an uncursed ring of poison resistance for 280 gold pieces
   390 | D        | Reached ***** piety under Trog
   425 | D        | Found a shadowy altar of Dithmenos.
   425 | D        | Found a shimmering altar of Xom.
   458 | D        | Found a stormy altar of Qazlal.
   458 | D        | Found a corrupted altar of Lugonu.
   459 | D        | Found a sacrificial altar of Ru.
   459 | D        | Found a viscous altar of Jiyva.
   459 | D        | Found a blossoming altar of Fedhas.
   460 | D        | Found a glowing silver altar of Zin.
   460 | D        | Found a glowing golden altar of the Shining One.
   460 | D        | Found a basalt altar of Yredelemnul.
   461 | D        | Found an oddly glowing altar of Pakellas.
   461 | D        | Found an opulent altar of Gozag.
   461 | D        | Found a radiant altar of Vehumet.
   462 | D        | Found a bloodstained altar of Trog.
   462 | D        | Found a roughly hewn altar of Beogh.
   462 | D        | Found an ancient bone altar of Kikubaaqudgha.
   463 | D        | Found a snail-covered altar of Cheibriados.
   463 | D        | Found a burning altar of Makhleb.
   464 | D        | Found an iron altar of Okawaru.
   464 | D        | Found a sparkling altar of Nemelex Xobeh.
   464 | D        | Noticed a polar bear
   465 | D        | Noticed a polar bear
   466 | D        | Noticed a yaktaur
   467 | D        | Found a white marble altar of Elyvilon.
   467 | D        | Found a deep blue altar of Sif Muna.
   470 | D        | Killed a polar bear
   478 | D        | Killed a polar bear
   478 | D        | Received a gift from Trog
   478 | D        | Reached XP level 8. HP: 38/92 MP: 7/7
   483 | D        | HP: 1/138 [yaktaur (12)]
   484 | D        | Slain by a wasp

Skill      XL: |  1  2  3  4  5  6  7 |
---------------+----------------------+-----
Fighting       | 3 6 7 9 |  9.2
Dodging        | 3 6 8 9 |  9.3
Unarmed Combat | 8 9 10 | 10.7

Action                   |  1- 3 |  4- 6 |  7- 9 || total
-------------------------+-------+-------+-------++-------
Melee: Unarmed           |    13 |    10 |    28 ||    51
       Punch             |       |       |     5 ||     5
Invok: Berserk           |     2 |     1 |     2 ||     5
  Eat: Chunk             |     4 |       |    10 ||    14
Armor: Animal skin       |       |     4 |     5 ||     9
Dodge: Dodged            |     4 |     7 |    18 ||    29
